 Dungeon Crawl Stone Soup version 0.28.0-53-g5a82cb258f (webtiles) character file.

Game seed: 13310379048110832968

13199 Ashen the Sneak (level 11, -1/84 HPs)
             Began as a Demonspawn Ice Elementalist on July 13, 2022.
             Was an Elder of Vehumet.
             Slain by a shadow (21 damage)
             ... on level 11 of the Dungeon.
             The game lasted 00:27:00 (12550 turns).

Ashen the Sneak (Demonspawn Ice Elementalist)      Turns: 12550, Time: 00:27:01

Health: -1/84      AC: 13    Str:  8    XL:     11   Next: 72%
Magic:  13/21      EV: 14    Int: 20    God:    Vehumet [****..]
Gold:   574        SH:  0    Dex: 15    Spells: 8/24 levels left

rFire   . . .      SeeInvis .   L - +1 long sword (vorpal)
rCold   . . .      Faith    .   (no shield)
rNeg    . . .      Spirit   .   O - +0 troll leather armour
rPois   .          Reflect  .   l - +0 helmet
rElec   .          Harm     .   I - scarf {shadows}
rCorr   .          Rampage  .   n - +1 pair of gloves {hurl}
Will    +....                   (no boots)
Stlth   ++++......              J - amulet of regeneration
HPRegen 1.84/turn               s - +4 ring of protection
MPRegen 0.17/turn               r - ring of willpower

@: no status effects
A: yellow scales 1, powered by death 2, demonic magic 1, weakness stinger 1
a: Renounce Religion


You were on level 11 of the Dungeon.
You worshipped Vehumet.
Vehumet was greatly pleased with you.
You visited 1 branch of the dungeon, and saw 11 of its levels.
You also visited: Sewer.

You collected 574 gold pieces.

Inventory:

Hand Weapons
 h - a +3 dagger of venom
 y - a +2 short sword of venom
 G - a +0 quarterstaff of draining
 L - a +1 vorpal long sword (weapon)
Armour
 l - a +0 helmet (worn)
 n - a +1 pair of gloves of hurling (worn)
 I - a scarf of shadows (worn)
 O - a +0 troll leather armour (worn)
Jewellery
 m - a ring of positive energy
 r - a ring of willpower (right hand)
 s - a +4 ring of protection (left hand)
 t - a ring of protection from cold
 E - a +6 ring of strength
 H - a ring of poison resistance
 J - an amulet of regeneration (around neck)
Wands
 d - a wand of acid (16)
 u - a wand of polymorph (15)
 F - a wand of flame (20)
 M - a wand of iceblast (4)
Scrolls
 a - 2 scrolls of teleportation {unknown}
 b - 3 scrolls of immolation
 f - 5 scrolls of identify
 i - 2 scrolls of amnesia
 o - a scroll of magic mapping
 q - 2 scrolls of noise
 v - 2 scrolls of enchant armour
 B - 2 scrolls of torment
 K - a scroll of enchant weapon
 N - a scroll of fear {unknown}
Potions
 c - a potion of flight
 e - a potion of brilliance {unknown}
 g - 6 potions of haste
 j - a potion of attraction
 k - 3 potions of lignification
 p - a potion of mutation {unknown}
 x - a potion of might {unknown}
 z - a potion of cancellation {unknown}
 A - a potion of invisibility
 C - a potion of magic
 D - a potion of curing


   Skills:
 + Level 7.4 Fighting
 + Level 7.1 Dodging
 + Level 7.9 Stealth
 + Level 7.1 Spellcasting
 + Level 6.2 Conjurations
 + Level 7.8 Ice Magic
 + Level 5.6 Air Magic


You had 8 spell levels left.
You knew the following spells:

 Your Spells              Type           Power      Damage    Failure   Level
a - Freeze                Ice            100%       1d11      1%          1
b - Frozen Ramparts       Ice            76%        1d9       1%          3
c - Ozocubu's Armour      Ice            38%        N/A       1%          3
d - Hailstorm             Conj/Ice       35%        3d9       2%          4
e - Mephitic Cloud        Conj/Pois/Air  23%        N/A       2%          3
f - Static Discharge      Conj/Air       31%        N/A       1%          2

Your spell library contained the following spells:

 Spells                   Type           Power      Damage    Failure   Level
 Flame Wave               Conj/Fire      19%        2d6       11%         4
 Magic Dart               Conj           100%       1d8       1%          1
 Stone Arrow              Conj/Erth      38%        3d9       3%          3
 Sandblast                Erth           14%        2d6       4%          1
 Call Imp                 Summ           7%         N/A       21%         2
 Passwall                 Tmut/Erth      5%         N/A       21%         2
 Sublimation of Blood     Necr           7%         N/A       21%         2
 Wereblood                Tmut           7%         N/A       21%         2
 Summon Guardian Golem    Hex/Summ       7%         N/A       38%         3
 Silence                  Hex/Air        9%         N/A       75%         5
 Passage of Golubria      Tloc           7%         N/A       80%         4
 Orb of Destruction       Conj           16%        9d7       88%         7
 Spellforged Servitor     Conj/Summ      9%         N/A       99%         7
 Summon Hydra             Summ           3%         N/A       100%        7
 Lehudib's Crystal Spear  Conj/Erth      9%         10d4      100%        8


Dungeon Overview and Level Annotations

Branches:
Dungeon (11/15)            Temple (0/1) D:5            Lair (0/6) D:9
    Orc (0/2) D:11          Sewer (visited)

Altars:
Vehumet

Shops:
D:10 =

Annotations:
D:4 2 transporters


Innate Abilities, Weirdness & Mutations

You are partially covered in yellow scales. (AC +2)
You regenerate health from kills.
Spells you cast may paralyse adjacent enemies.
You have a small tail.


Message History

The walls around you are covered in ice.
Malevolent energies surge around you.
The shadow suddenly stops moving!
The shadow completely resists.
The wall freezes the shadow but does no damage.
Casting: Frozen Ramparts (safe; 1% risk of failure)
Confirm with . or Enter, or press ? or * to list all spells.
A film of ice covers your body! Malevolent energies surge around you.
The shadow completely resists.
The wall freezes the shadow but does no damage.
Unknown command.
The helpless shadow fails to defend itself.
You hit the shadow but do no damage. You tail-slap the shadow.
The shadow is moderately damaged.
The shadow completely resists.
The wall freezes the shadow but does no damage.
The shadow completely resists.
The wall freezes the shadow but does no damage.
The helpless shadow fails to defend itself.
You hit the shadow but do no damage.
The shadow is moderately damaged.
The shadow is no longer paralysed.
The shadow completely resists.
The wall freezes the shadow but does no damage.
The shadow slips into darkness.
The shadow flickers and vanishes!
Deactivating autopickup; reactivate with Ctrl-A.
You closely miss something.
Your tail-slap misses something.
The wall freezes something but does no damage.
The shadow strikes at you from the darkness!
* * * LOW HITPOINT WARNING * * *
Reactivating autopickup.
The shadow completely resists.
The wall freezes the shadow but does no damage.
The shadow slips into darkness.
The shadow flickers and vanishes!
Deactivating autopickup; reactivate with Ctrl-A.
Your icy armour and frozen ramparts will break if you move.
Continue?
Your icy armour cracks and falls away as you move.
The frozen ramparts melt away as you move.
The shadow strikes at you from the darkness!
You die...

# #.# #..#.#.#.# ## #.#
#..#.#.#.# .# #.#
#........#
#########.#####
####.#####
..............# ####
#############.#######.###
# #.##........###
#...##.#.###..###
####@...#.#.Z...#
##.###..##.##.#
.......##..# .#
##..###...#.# .###
#.#.... ## #.#. ... #
.....#. .. .#>.#


There were no monsters in sight!

Vanquished Creatures
  A centaur warrior (D:8)
  2 two-headed ogres
  A cyclops (D:11)
  3 centaur zombies
  Joseph (D:8)
  4 molten gargoyles (D:10)
  A gargoyle (D:7)
  An unseen horror (D:10)
  2 trolls
  A hornet (D:7)
  Prince Ribbit (D:8)
  A vampire (D:11)
  A shadow (D:11)
  A wraith (D:8)
  9 yaks
  A basilisk (D:7)
  2 steam dragons (D:7)
  3 water moccasins
  An acid dragon (D:10)
  7 orc warriors
  A hornet zombie (D:7)
  2 ice beasts
  4 black bears
  3 ogres
  3 sky beasts
  3 centaurs
  3 phantoms
  5 kobold brigands
  A gnoll sergeant (D:8)
  3 bullfrogs
  6 scorpions
  A water moccasin skeleton (D:7)
  A wyvern skeleton (D:6)
  5 killer bees (D:9)
  4 wights
  A howler monkey (D:9)
  A bullfrog zombie (D:5)
  2 hounds (D:5)
  3 orc priests
  A bullfrog skeleton (D:7)
  A centaur skeleton (D:7)
  Jessica (D:2)
  3 iguanas
  Natasha (twice) (D:1)
  8 orc wizards
  2 ogre zombies (D:11)
  A howler monkey zombie (D:6)
  Robin (D:2)
  11 gnolls
  6 adders
  A shadow imp (D:5)
  An ufetubus (D:6)
  A worm (D:5)
  4 dart slugs
  22 orcs
  3 bats (D:1)
  9 endoplasms
  7 giant cockroaches
  22 goblins
  6 hobgoblins
  2 jackals (D:1)
  5 quokkas
  12 ball pythons
  A frilled lizard (Sewer)
  A hobgoblin zombie (D:11)
  34 kobolds
  3 orc zombies (D:11)
  10 rats
277 creatures vanquished.

Vanquished Creatures (others)
  A wight (D:7)
  23 fungi (D:9)
  13 plants (D:9)
37 creatures vanquished.

Grand Total: 314 creatures vanquished

Notes
Turn   | Place    | Note
-------+----------+-------------------------------------------
     0 | D:1      | Ashen the Demonspawn Ice Elementalist began the quest for
                  | the Orb.
     0 | D:1      | Reached XP level 1. HP: 13/13 MP: 3/3
   201 | D:1      | Found a faded altar of an unknown god.
   239 | D:1      | Gained mutation: Spells you cast may paralyse adjacent
                  | enemies. [demonic ancestry]
   239 | D:1      | Reached XP level 2. HP: 20/20 MP: 1/5
   622 | D:1      | Reached skill level 1 in Fighting
   844 | D:1      | Reached XP level 3. HP: 26/26 MP: 3/6
  1292 | D:2      | Noticed Natasha
  1307 | D:1      | Killed Natasha
  1318 | D:1      | Noticed Natasha
  1326 | D:1      | Killed Natasha
  1327 | D:1      | Reached XP level 4. HP: 20/32 MP: 3/7
  1350 | D:2      | Noticed Jessica
  1363 | D:2      | Killed Jessica
  1749 | D:2      | Learned a level 3 spell: Frozen Ramparts
  1749 | D:2      | Noticed Robin
  1753 | D:2      | Learned a level 3 spell: Ozocubu's Armour
  1764 | D:2      | Killed Robin
  1765 | D:2      | Reached XP level 5. HP: 3/38 MP: 5/9
  2346 | D:2      | Identified the +1 robe of Disappointment {Will- rCorr
                  | Str+10 Slay+3}
  3333 | D:3      | Found a radiant altar of Vehumet.
  3363 | D:3      | Became a worshipper of Vehumet
  3535 | D:4      | Reached XP level 6. HP: 19/46 MP: 10/10
  4049 | D:4      | Found a transporter.
  4055 | D:4      | Noticed an ice beast
  4055 | D:4      | Noticed an ice beast
  4102 | D:4      | Found a transporter.
  4535 | D:5      | Entered Level 5 of the Dungeon
  4558 | D:5      | Noticed an ice beast
  4571 | D:5      | Killed an ice beast
  4650 | D:5      | Gained mutation: You are partially covered in yellow
                  | scales. (AC +2) [demonic ancestry]
  4650 | D:5      | Reached XP level 7. HP: 47/52 MP: 8/12
  4660 | D:5      | Found a glowing drain.
  4672 | Sewer    | Entered a sewer
  4803 | Sewer    | Reached * piety under Vehumet
  4803 | Sewer    | Offered knowledge of Magic Dart by Vehumet.
  5098 | D:5      | Reached skill level 5 in Ice Magic
  5176 | D:5      | Learned a level 4 spell: Hailstorm
  5180 | D:5      | Learned a level 3 spell: Mephitic Cloud
  5304 | D:5      | Found a staircase to the Ecumenical Temple.
  5577 | D:5      | Gained mutation: You regenerate a little health from kills.
                  | [demonic ancestry]
  5577 | D:5      | Reached XP level 8. HP: 41/60 MP: 9/14
  5802 | D:5      | Reached skill level 1 in Conjurations
  6067 | D:6      | Reached skill level 1 in Air Magic
  6298 | D:6      | Reached skill level 5 in Stealth
  6938 | D:7      | Noticed a hornet
  6981 | D:7      | Reached XP level 9. HP: 36/66 MP: 9/16
  6993 | D:7      | Noticed a gargoyle
  7417 | D:7      | Reached skill level 5 in Spellcasting
  7709 | D:7      | Reached skill level 5 in Dodging
  7844 | D:7      | HP: 2/58 [something/ball of steam (4)]
  7852 | D:7      | Reached skill level 5 in Fighting
  8015 | D:7      | Noticed a two-headed ogre
  8033 | D:7      | Killed a two-headed ogre
  8033 | D:7      | Reached ** piety under Vehumet
  8309 | D:7      | Killed a gargoyle
  8309 | D:7      | Offered knowledge of Foxfire by Vehumet.
  8319 | D:7      | Gained mutation: You have a small tail. [demonic ancestry]
  8319 | D:7      | Reached XP level 10. HP: 59/75 MP: 14/18
  9265 | D:8      | Noticed Joseph
  9277 | D:8      | Killed Joseph
  9358 | D:8      | Noticed Prince Ribbit
  9372 | D:8      | Killed Prince Ribbit
  9601 | D:8      | Noticed a centaur warrior
  9622 | D:8      | Killed a centaur warrior
  9873 | D:8      | Reached skill level 5 in Conjurations
  9969 | D:8      | Offered knowledge of Static Discharge by Vehumet.
 10154 | D:8      | Learned a level 2 spell: Static Discharge
 10379 | D:9      | Reached *** piety under Vehumet
 10495 | D:9      | Noticed a two-headed ogre
 10507 | D:9      | Killed a two-headed ogre
 10508 | D:9      | Gained mutation: You regenerate health from kills. [demonic
                  | ancestry]
 10508 | D:9      | Reached XP level 11. HP: 47/83 MP: 20/20
 10636 | D:9      | Reached skill level 5 in Air Magic
 10712 | D:9      | Offered knowledge of Inner Flame by Vehumet.
 10768 | D:9      | Found a staircase to the Lair.
 11283 | D:10     | Entered Level 10 of the Dungeon
 11303 | D:10     | Found Maryl's Jewellery Shoppe.
 11646 | D:10     | Reached **** piety under Vehumet
 11683 | D:10     | HP: 1/84 [molten gargoyle/+1 flail of holy wrath (16)]
 11693 | D:10     | Offered knowledge of Flame Wave by Vehumet.
 12516 | D:11     | Found a staircase to the Orcish Mines.
 12550 | D:11     | Slain by a shadow

Illustrated notes

Levels and vault maps discovered:
D:1:      dpeg_arrival_tiny_k, layout_rooms,
          chequers_ecumenical_altar_simple_redux
D:2:      layout_basic, uniq_natasha, uniq_robin, uniq_jessica
D:3:      layout_rooms, mainiacjoe_overflow_surrounded_room,
          serial_corexii_hall, corexii_hall_statues_x, corexii_hall_statues_l,
          minmay_misc_feat_x
D:4:      gammafunk_cloud_chamber, layout_basic
D:5:      layout_basic, temple_doors_e, portal_sewer_entry_a
D:6:      layout_rooms, minmay_misc_feat_five
D:7:      wad_guarded_room, layout_gridville, enter_bailey_3
D:8:      layout_basic, uniq_joseph, uniq_prince_ribbit1
D:9:      layout_loops_ring, grunt_lair_entry_orc_guard_hut,
          minmay_misc_feat_more_columns
D:10:     layout_rooms, serial_shops, shop, minivault_8
D:11:     layout_loops_corners, zombieorc1_lemuel

Skill      XL: |  1  2  3  4  5  6  7  8  9 10 11 |
---------------+----------------------------------+-----
Stealth        | 2 3 4 5 6 7 |  7.9
Dodging        | 2 3 4 5 6 7 |  7.1
Fighting       | 1 2 3 4 5 6 7 |  7.4
Ice Magic      | 4 5 6 7 |  7.8
Spellcasting   | 3 4 5 6 7 |  7.1
Conjurations   | 2 4 5 6 |  6.2
Air Magic      | 2 3 4 5 |  5.6

Action                   |  1- 3 |  4- 6 |  7- 9 | 10-12 || total
-------------------------+-------+-------+-------+-------++-------
Melee: Unarmed           |    35 |       |       |       ||    35
       Short sword       |    25 |     1 |       |       ||    26
       Dagger            |       |   126 |   238 |   178 ||   542
       Punch             |       |     3 |     1 |     7 ||    11
       Tailslap          |       |       |       |    83 ||    83
       Quarterstaff      |       |       |       |   130 ||   130
       Long sword        |       |       |       |    47 ||    47
 Cast: Freeze            |    37 |    15 |    25 |    13 ||    90
       Frozen Ramparts   |       |     3 |    16 |    32 ||    51
       Ozocubu's Armour  |       |     3 |    20 |    34 ||    57
       Mephitic Cloud    |       |       |       |     5 ||     5
       Hailstorm         |       |       |       |     4 ||     4
Evoke: Wand              |       |       |     9 |       ||     9
  Use: Scroll            |       |     6 |    11 |       ||    17
       Potion            |       |       |     1 |     3 ||     4
 Stab: Paralysed         |    13 |     7 |    16 |    18 ||    54
       Sleeping          |     3 |    11 |     4 |     8 ||    26
       Confused          |       |       |       |     1 ||     1
Armor: Robe              |    11 |    41 |   123 |    72 ||   247
       Troll leather arm |       |       |       |   140 ||   140
Dodge: Dodged            |    49 |    81 |   179 |   292 ||   601
